Map: Dusk Towers

Players

Bioice - Winner!

  • Race: Zerg Zerg
  • League: Grandmaster

Pokebunny

  • Race: Terran Terran
  • League: Grandmaster

VOD

Have the link to the VOD?

Description

Time

  • Played on: April 5, 2016, 3:24 p.m.
  • Length: 10:47
Show
View Real Time Build Order
Export as new Build Order

Bioice Zerg - Winner!

Build Orders: Hatch First, Muta Ling Bane 

Get SALT Encoding   

  12  0:01  Drone  
  13  0:08  Drone  
  14  0:16  Extractor  
  14  0:17  Drone  
  14  0:22  Extractor  
  14  0:23  Drone  
  14  0:27  Overlord  
  16  0:48  Hatchery  
  15  0:52  Drone  
  15  0:55  Drone  
  17  0:58  Drone  
  18  1:13  Spawning Pool  
  18  1:15  Drone  
  18  1:18  Drone  
  19  1:37  Hatchery  
  19  1:39  Drone  
  19  1:43  Drone  
  20  1:49  Drone  
  21  2:00  Zergling x4  
  23  2:05  Queen  
  25  2:10  Queen  
  27  2:16  Overlord  
  27  2:21  Drone, Extractor  
  27  2:22  Drone  
  28  2:36  Drone  
  28  2:37  Drone x2  
  30  2:44  Overlord  
  30  2:49  Queen  
  30  2:51  Queen  
  32  2:53  Drone  
  35  2:59  Overlord  
  35  3:02  Drone  
  35  3:05  Drone  
  37  3:07  Drone  
  37  3:09  Drone  
  37  3:11  Drone  
  40  3:13  Drone  
  40  3:15  Drone  
  42  3:20  Drone x2  
  42  3:24  Drone  
  42  3:25  Drone  
  46  3:36  Metabolic Boost  
  46  3:39  Drone x6  
  52  3:44  Queen  
  52  3:47  Overlord  
  54  3:52  Queen  
  56  3:58  Baneling Nest  
  56  3:59  Drone x2  
  56  4:02  Overlord  
  57  4:04  Overlord  
  57  4:14  Drone, Extractor  
  57  4:22  Zergling x20  
  67  4:29  Drone  
  68  4:37  Overlord  
  68  4:38  Spore Crawler  
  68  4:41  Lair  
  68  4:43  Drone x4  
  68  4:44  Drone x2  
  73  4:49  Spore Crawler  
  67  4:53  Spore Crawler  
  67  4:54  Drone  
  67  5:00  Drone x4  
  67  5:01  Drone x4  
  67  5:05  Drone  
  67  5:06  Drone  
  77  5:10  Extractor  
  77  5:11  Extractor  
  75  5:15  Drone x2  
  75  5:16  Drone x5  
  82  5:22  Overlord x2  
  82  5:28  Overlord  
  82  5:34  Hatchery  
  82  5:35  Extractor  
  80  5:36  Extractor  
  80  5:39  Drone x3  
  80  5:40  Drone  
  80  5:42  Drone x2  
  85  5:44  Drone x3  
  87  5:52  Overlord  
  87  5:55  Centrifical Hooks  
  87  6:00  Zergling x10  
  87  6:02  Spire  
  87  6:03  Zergling x4  
  93  6:04  Baneling x2  
  93  6:05  Baneling x3  
  93  6:09  Zergling x6  
  93  6:10  Zergling x2  
  97  6:12  Baneling x3  
  97  6:13  Baneling x2  
  97  6:18  Drone  
  97  6:19  Drone  
  97  6:20  Zergling x6  
  97  6:21  Zergling x4  
  97  6:23  Zergling x2  
  105  6:28  Drone x2  
  105  6:30  Evolution Chamber  
  105  6:31  Evolution Chamber  
  105  6:39  Drone  
  106  6:40  Drone  
  106  6:41  Drone  
  108  6:51  Hatchery  
  107  6:54  Zergling x18  
  107  6:55  Zergling x2  
  117  7:05  Zerg Melee Weapons Level 1, Zerg Ground Armor Level 1  
  117  7:06  Baneling x3  
  117  7:07  Zergling x2, Baneling x4  
  117  7:08  Zergling x4  
  120  7:14  Overlord x4  
  120  7:16  Overlord  
  99  7:34  Zergling x2  
  99  7:35  Zergling x12  
  97  7:47  Mutalisk x9  
  112  7:57  Mutalisk  
  112  7:58  Mutalisk x2  
  112  8:00  Baneling x7  
  112  8:01  Baneling x3  
  111  8:09  Infestation Pit  
  111  8:10  Overlord  
  110  8:18  Zergling x16  
  110  8:19  Zergling x10  
  123  8:25  Zergling x4  
  123  8:26  Baneling  
  123  8:27  Baneling x3  
  125  8:30  Zergling x16  
  134  8:34  Zergling x6  
  134  8:39  Zergling x8  
  134  8:41  Baneling x7  
  140  8:42  Baneling  
  140  8:45  Zergling x6  
  143  9:03  Hive, Drone  
  143  9:04  Drone x8  
  143  9:05  Drone  
  143  9:07  Extractor x2  
  151  9:16  Hatchery  
  150  9:53  Zergling x42  
  150  9:54  Zergling x4  
  150  9:59  Overlord  
  173  10:00  Overlord x4  
  173  10:07  Baneling  
  173  10:08  Baneling x14  
  173  10:14  Zergling x2  
  174  10:18  Baneling  
  174  10:19  Baneling x15  
  174  10:20  Zergling x2  
  174  10:21  Zergling x16  
  183  10:29  Ultralisk Cavern  
Show
View Real Time Build Order
Export as new Build Order

Pokebunny Terran 

Build Orders: Reaper Expand, MMM Bio 

Get SALT Encoding   

  12  0:01  SCV  
  13  0:13  SCV  
  14  0:17  Supply Depot  
  14  0:25  SCV  
  15  0:39  SCV  
  15  0:40  Barracks  
  16  0:44  Refinery  
  16  0:51  SCV  
  17  1:03  SCV  
  18  1:15  SCV  
  19  1:27  Reaper  
  19  1:28  Orbital Command  
  20  1:39  Command Center  
  20  1:53  Supply Depot  
  20  1:54  SCV  
  20  1:59  Marine  
  22  2:07  Factory  
  22  2:08  SCV  
  23  2:17  Marine  
  23  2:21  SCV  
  23  2:22  Refinery  
  25  2:42  Marine  
  26  2:47  SCV  
  29  2:51  Hellion, Starport  
  29  2:53  Orbital Command  
  29  2:59  SCV  
  29  3:03  Marine  
  31  3:14  Command Center  
  31  3:17  Widow Mine  
  33  3:20  SCV  
  33  3:22  SCV  
  33  3:24  Marine  
  36  3:30  Medivac  
  38  3:40  Supply Depot, SCV x2  
  40  3:43  Barracks Tech Lab  
  40  3:53  Barracks  
  40  3:54  Barracks  
  40  3:57  Factory Tech Lab  
  40  4:09  Marine  
  40  4:10  Stimpack  
  40  4:12  Starport Reactor  
  40  4:13  SCV x2  
  40  4:16  Refinery  
  43  4:20  Refinery  
  43  4:27  Orbital Command  
  43  4:29  SCV x2  
  45  4:36  Engineering Bay  
  45  4:38  Engineering Bay  
  45  4:43  Barracks Reactor x2  
  45  4:57  Marine  
  45  4:59  SCV  
  48  5:00  SCV  
  48  5:04  SCV  
  48  5:05  Terran Infantry Armor Level 1, Terran Infantry Weapons Level 1  
  52  5:07  Siege Tank  
  50  5:16  Marine  
  50  5:19  Marine  
  50  5:20  Marine x3  
  50  5:21  Supply Depot  
  55  5:23  SCV x2  
  55  5:24  SCV  
  55  5:26  Bunker  
  58  5:35  Marine  
  59  5:37  Marine x2  
  59  5:38  Marine, SCV x2  
  59  5:40  Supply Depot  
  59  5:41  Orbital Command  
  64  5:50  SCV x2  
  64  5:55  Marine x3  
  64  5:57  Medivac x2  
  71  5:58  Siege Tank  
  71  5:59  Marine  
  77  6:08  Armory  
  77  6:11  SCV x2  
  77  6:13  Supply Depot  
  77  6:16  Marine x2  
  77  6:18  Marine  
  82  6:21  SCV  
  82  6:23  Marine x2  
  85  6:33  Combat Shields  
  85  6:34  Siege Tank, Medivac, SCV x2  
  92  6:48  Marine  
  93  6:54  Missile Turret  
  93  6:56  Barracks  
  93  6:57  Barracks, Missile Turret x2  
  93  6:59  Supply Depot  
  93  7:01  Supply Depot  
  93  7:12  Marine x2  
  93  7:20  Marine x2, Medivac  
  84  7:34  Marine x2  
  84  7:35  Marine  
  72  7:38  Marine  
  52  7:52  Terran Infantry Weapons Level 2, Terran Infantry Armor Level 2, Barracks Reactor x2, Marine x2  
  52  7:53  SCV  
  52  7:54  SCV x2  
  54  7:59  Marine  
  54  8:00  Marine x2  
  54  8:01  Siege Tank, Medivac x2  
  64  8:06  SCV x3  
  67  8:13  Marine  
  67  8:14  Marine  
  67  8:17  Marine x2  
  67  8:18  SCV x3  
  74  8:23  Supply Depot  
  74  8:24  Bunker  
  74  8:30  SCV x2  
  76  8:40  Marine x4  
  76  8:41  Marine x2  
  82  8:43  Siege Tank, Medivac  
  82  8:47  SCV x3  
  85  8:59  SCV x2  
  85  9:00  SCV, Missile Turret  
  85  9:02  Marine x2  
  89  9:03  Marine x2  
  89  9:07  Marine x2  
  89  9:09  Marine  
  95  9:17  Siege Tank  
  95  9:19  Marine x2  
  95  9:20  SCV  
  101  9:25  SCV x2  
  101  9:32  Missile Turret  
  101  9:37  Marine x2  
  101  9:38  Marine x2  
  97  9:53  Siege Tank  
  97  9:56  Missile Turret  
  97  9:57  Marine  
  97  9:58  Marine x3  
  104  10:02  SCV x2  
  104  10:04  SCV  
  104  10:06  Supply Depot  
Tags
 
Add a new tag
Caveats
  • Supply blocks, unpowered buildings, or Contaminate may cause inaccurate times.
  • Supply counts are checked every 10 seconds.